 Dungeon Crawl Stone Soup version 0.18.1-48-g4cf74bf (webtiles) character file.

685070 HEYYEYAAE the Cryomancer (level 27, 0/254 HPs)
             Began as a White Draconian Ice Elementalist on Sept 6, 2016.
             Was the Champion of Okawaru.
             Succumbed to poison (poison gas)
             ... on level 1 of the Realm of Zot on Sept 8, 2016.
             The game lasted 06:04:16 (105495 turns).

HEYYEYAAE the Cryomancer (DrIE)                   Turns: 105495, Time: 06:04:17

Health: 0/254      AC: 32    Str: 14    XL:     27
Magic:  18/55      EV: 28    Int: 39    God:    Okawaru [******]
Gold:   3412       SH: 14    Dex: 18    Spells: 16 memorised, 4 levels left

rFire  + + .     SeeInvis .     T - +9 Staff of Wucad Mu {channel}
rCold  + + +     Gourm    .     (armour unavailable)
rNeg   + . .     Faith    .     U - +0 shield of the Sturgeon {rN+ MR+}
rPois  .         Spirit   .     n - -1 hat "Nuptul" {MR+}
rElec  +         Dismiss  .     N - +2 cloak of Starlight {rElec rC+ EV+4 Stlth--}
rCorr  +         Reflect  .     Y - +0 pair of gloves "Qabbeocs" {Int+6 Stlth-}
SustAt .         Harm     .     E - +2 pair of boots of Subjectivity {Str+3 Dex+4}
MR     ++++.                    M - amulet of magic regeneration
Stlth  ++........               c - ring "Yrchyo Anile" {*Contam rC+ Int+4 Slay+3}
                                R - ring of Tuor {rCorr rF+ MP+9 Int+3}

@: lethally poisoned (0 -> -42), icy armour (expiring), no potions, very
slightly contaminated, regenerating, hasted (expiring), studying Stealth, very
quick, incredibly resistant to hostile enchantments, unstealthy
A: breathe frost, unfitting armour, claws 1, horns 1, camouflage 1, cold
resistance 1, fire resistance 1, screaming 1, slow regeneration 2, evolution 1,
cold-blooded, AC +13
a: Breathe Frost, Heroism, Finesse, Renounce Religion
}: 5/15 runes: decaying, serpentine, slimy, silver, abyssal


You were on level 1 of the Realm of Zot.
You worshipped Okawaru.
Okawaru was exalted by your worship.
You were not hungry.

You visited 12 branches of the dungeon, and saw 56 of its levels.
You visited the Abyss 1 time.
You visited 1 bazaar.
You visited 1 ziggurat, and saw 14 of its levels.
You also visited: Trove.

You collected 8909 gold pieces.
You spent 4949 gold pieces at shops.

Inventory:

Hand Weapons
 r - the +3 falchion "Qaix" {flame, +Inv Str-2 Int+6}
   (You took it off a deep elf demonologist on level 3 of the Elven Halls)

   It has been specially enchanted to burn those struck by it, causing extra
   injury to most foes and up to half again as much damage against particularly
   susceptible opponents.
   Big, fiery blades are also staple armaments of hydra-hunters.
   It affects your strength (-2).
   It affects your intelligence (+6).
   It lets you turn invisible.
 C - the +6 scimitar of Flaming Death {sticky flame, rPois rF++ rC- MR+}
   (You took it off a deep elf high priest on level 3 of the Elven Halls)

   It has been specially enchanted to burn those struck by it, causing extra
   injury to most foes and up to half again as much damage against particularly
   susceptible opponents.
   Big, fiery blades are also staple armaments of hydra-hunters.
   It greatly protects you from fire.
   It makes you vulnerable to cold.
   It protects you from poison.
   It affects your resistance to hostile enchantments.
 K - the +9 morningstar "Lirch" {freeze, rElec rPois rF++ MR-}
   (You took it off a tengu reaver on level 5 of the Vaults)

   It has been specially enchanted to freeze those struck by it, causing extra
   injury to most foes and up to half again as much damage against particularly
   susceptible opponents.
   It can also slow down cold-blooded creatures.
   It greatly protects you from fire.
   It insulates you from electricity.
   It protects you from poison.
   It affects your resistance to hostile enchantments.
 T - the +9 Staff of Wucad Mu (weapon) {channel}
   (You found it on level 8 of a ziggurat)
Armour
 n - the -1 hat "Nuptul" (worn) {MR+}
   (Okawaru gifted it to you on level 3 of the Lair of Beasts)

   It affects your resistance to hostile enchantments.
 E - the +2 pair of boots of Subjectivity (worn) {Str+3 Dex+4}
   (Okawaru gifted it to you on level 1 of the Elven Halls)

   It affects your strength (+3).
   It affects your dexterity (+4).
 N - the +2 cloak of Starlight (worn) {rElec rC+ EV+4 Stlth--}
   (You found it on level 10 of a ziggurat)

   It affects your evasion (+4).
   It protects you from cold.
   It insulates you from electricity.
   It makes you much less stealthy.
 U - the +0 shield of the Sturgeon (worn) {rN+ MR+}
   (Okawaru gifted it to you on level 15 of the Dungeon)

   It protects you from negative energy.
   It affects your resistance to hostile enchantments.
 Y - the +0 pair of gloves "Qabbeocs" (worn) {Int+6 Stlth-}
   (Okawaru gifted it to you on level 4 of the Snake Pit)

   It affects your intelligence (+6).
   It makes you less stealthy.
Magical Staves
 h - an uncursed staff of cold
Jewellery
 c - the ring "Yrchyo Anile" (right hand) {*Contam rC+ Int+4 Slay+3}
   (You found it on level 4 of the Vaults)

   [ring of intelligence]

   It affects your intelligence (+4).
   It affects your accuracy and damage with ranged weapons and melee attacks
   (+3).
   It protects you from cold.
   It causes magical contamination when unequipped.
 M - an amulet of magic regeneration (around neck)
 R - the ring of Tuor (left hand) {rCorr rF+ MP+9 Int+3}
   (You found it on level 10 of a ziggurat)

   [ring of resist corrosion]

   It affects your intelligence (+3).
   It protects you from fire.
   It affects your magic capacity (+9).
 S - the ring of Anarchy {rPois rF- rN++ Stlth+}
   (You found it on level 11 of a ziggurat)

   [ring of stealth]

   It makes you vulnerable to fire.
   It protects you from poison.
   It greatly protects you from negative energy.
   It makes you more stealthy.
 V - the ring of Eppalaan {rF+ MP+9 Int-2 Slay+5}
   (You found it on level 1 of the Lair of Beasts)

   [ring of protection from fire]

   It affects your intelligence (-2).
   It affects your accuracy and damage with ranged weapons and melee attacks
   (+5).
   It protects you from fire.
   It affects your magic capacity (+9).
Wands
 v - a wand of digging (5/24)
 A - a wand of teleportation (5/9)
 W - a wand of heal wounds (0/9)
Scrolls
 i - 16 scrolls of remove curse
 k - 8 scrolls of immolation
 s - a scroll of holy word
 u - 2 scrolls of teleportation
 w - a scroll of summoning
 x - 13 scrolls of fog
 Q - 12 scrolls of magic mapping
Potions
 a - 13 potions of lignification
 d - 3 potions of agility
 f - 12 potions of curing
 j - 6 potions of might
 q - 4 potions of brilliance
 t - a potion of resistance
 B - a potion of haste
 F - 2 potions of cancellation
 I - 11 potions of cure mutation
 J - 7 potions of berserk rage
 O - 5 potions of flight
 X - 2 potions of heal wounds
Books
 l - a book of Ice

   Spells                             Type                      Level
   a - Ice Form                       Ice/Transmutation            4
   b - Metabolic Englaciation         Hexes/Ice                    5
   c - Ozocubu's Refrigeration        Ice                          6
   d - Bolt of Cold                   Conjuration/Ice              6
   e - Freezing Cloud                 Conjuration/Ice/Air          6
   f - Simulacrum                     Ice/Necromancy               6
 G - a manual of Stealth
 Z - a Necronomicon

   Spells                             Type                      Level
   a - Haunt                          Necromancy/Summoning         7
   b - Borgnjor's Revivification      Necromancy                   8
   c - Death's Door                   Charms/Necromancy            8
   d - Necromutation                  Transmutation/Necromancy     8
Miscellaneous
 e - a lamp of fire
 g - a fan of gales (inert)
 m - a crystal ball of energy
 p - a legendary deck of changes {drawn: 2}
 y - a sack of spiders {used: 8}
 z - a phial of floods (inert)
 D - a stone of tremors
 H - a phantom mirror
Comestibles
 b - 15 bread rations
 o - 16 meat rations


   Skills:
 * Level 22.1 Fighting
 + Level 9.8 Long Blades
   Level 11.4 Polearms
 + Level 15.0 Dodging
 + Level 8.6 Stealth
 + Level 15.6 Shields
 * Level 19.8 Spellcasting
 + Level 4.9 Conjurations
 - Level 12.7 Charms
 * Level 25.2 Ice Magic
 + Level 15.9 Evocations


You had 4 spell levels left.
You knew the following spells:

 Your Spells              Type           Power        Failure   Level  Hunger
a - Freeze                Ice            ####         0%          1    None
b - Throw Icicle          Conj/Ice       ########     0%          4    None
c - Summon Ice Beast      Ice/Summ       #######.     1%          4    None
d - Ozocubu's Armour      Chrm/Ice       ########     0%          3    None
e - Haste                 Chrm           #######.     1%          6    None
f - Blink                 Tloc           N/A          1%          2    None
g - Deflect Missiles      Chrm/Air       ######....   10%         6    None
h - Apportation           Tloc           #####.....   1%          1    None
i - Ozocubu's Refrigerat  Ice            ########..   0%          6    None
j - Summon Butterflies    Summ           #####...     1%          1    None
k - Simulacrum            Ice/Necr       #######...   1%          6    None
l - Swiftness             Chrm/Air       ######..     1%          2    None
m - Regeneration          Chrm/Necr      ######....   1%          3    None
n - Glaciate              Conj/Ice       ########..   89%         9    #####..
o - Metabolic Englaciati  Hex/Ice        #######...   1%          5    None
p - Cure Poison           Pois           #####.....   1%          2    None


Dungeon Overview and Level Annotations

Branches:
Dungeon (15/15)            Temple (1/1) D:7            Lair (8/8) D:8
  Swamp (4/4) Lair:3        Snake (4/4) Lair:4        Slime (6/6) Lair:6
    Orc (2/2) D:9             Elf (3/3) Orc:2        Vaults (5/5) D:14
  Crypt (0/3) Vaults:3     Depths (5/5) D:15           Hell (1/1)
    Zot (2/5) Depths:5
    Dis: Hell:1         Geh: Hell:1         Coc: Hell:1         Tar: Hell:1

Altars:
Ashenzari
Dithmenos
Elyvilon
Fedhas
Kikubaaqudgha
Makhleb
Okawaru
Pakellas
Sif Muna
Trog
Vehumet
Xom
Jiyva

Shops:
Orc:2 ((**   Elf:1 }   Snake:2 *   Vaults:1 (   Vaults:3 ?   Depths:1 %

Portals:
Hell: Lair:8 Depths:1 Depths:2 Depths:3 Depths:4 Depths:5
Abyss: Depths:1 Depths:3 Depths:4
Pandemonium: Depths:3 Depths:4

Annotations:
Elf:2 5 runed doors
Hell Geryon


Innate Abilities, Weirdness & Mutations

You can breathe waves of freezing cold.
You can buffet flying creatures when you breathe cold.
Your icy white scales are hard (AC +13).
Your body does not fit into most forms of armour.
Your flesh is cold resistant.
You are cold-blooded and may be slowed by cold attacks.
You have sharp fingernails.
You have a pair of small horns on your head.
Your skin changes colour to match your surroundings (Stealth).
Your flesh is heat resistant.
You occasionally shout uncontrollably at your foes.
You do not regenerate naturally when monsters are visible.
You evolve.


Message History

* * * LOW HITPOINT WARNING * * *
You feel very sick.
There is a stone staircase leading down here.
Unknown command.
Unknown command.
Unknown command.
You cannot drink potions in your current state!
Evoke which item? (* to show all) (? for menu, Esc to quit)
Okay, then.
You cannot drink potions in your current state!
Read which item? (? for menu, Esc to quit)
Okay, then.
Casting: Blink
Confirm with . or Enter, or press ? or * to list all spells.
Okay, then.
Casting: Blink
Confirm with . or Enter, or press ? or * to list all spells.
The poison in your system diminishes.
Your extra speed is starting to run out.
You die...

...........#
...........#
...........#
...........#
...........#
...........#
...........#
.D.....@...#
############


You could see a golden dragon.

Vanquished Creatures
  Dissolution (Slime:4)
  the Royal Jelly (Slime:6)
  2 juggernauts (Depths:5)
  An ancient lich (Vaults:4)
  Sojobo (Depths:2)
  A pandemonium lord (Zig:13)
  Margery (Depths:4)
  3 Killer Klowns (Zig:13)
  2 caustic shrikes
  A golden dragon (Depths:4)
  Jorgrun (Swamp:3)
  A hellephant (Zig:11)
  2 electric golems (Zot:1)
  Asterion (Snake:3)
  9 tentacled monstrosities
  The ghost of Charly the Impaler, an adept MfSk of Okawaru (Vaults:5)
  4 liches
  A quicksilver dragon (Zig:7)
  4 titans (Vaults:5)
  4 sphinxes
  3 deep elf master archers
  A deep elf blademaster (Elf:3)
  33 acid blobs
  3 thorn hunters (Swamp:4)
  A shadow dragon (Vaults:4)
  A storm dragon (shapeshifter) (Zig:13)
  3 tentacled starspawn
  6 greater nagas
  A draconian monk (Zot:1)
  11 tengu reavers
  3 storm dragons
  10 azure jellies
  A shadow dragon (shapeshifter) (Vaults:2)
  11 deep elf sorcerers
  16 vault wardens
  5 frost giants
  2 ghost moths (Zig:10)
  Aizul (Swamp:3)
  9 fire giants
  An iron dragon (Depths:5)
  Maud (D:14)
  2 orc warlords
  A draconian shifter (Depths:5)
  8 deep elf elementalists
  Louise (Elf:1)
  The ghost of Elystan the Blocker, a journeyman FoFi of Lugonu (Orc:2)
  25 ironheart preservers
  3 spriggan defenders (Depths:2)
  4 draconian annihilators
  10 deep elf demonologists
  A war gargoyle (Vaults:4)
  26 very ugly things
  18 stone giants
  2 juggernaut skeletons (Depths:3)
  2 green draconians (Zot:2)
  Azrael (D:13)
  4 red draconians
  2 purple draconians (Depths:5)
  2 black draconians
  2 chaos champions (Zig:13)
  Nessos (D:15)
  10 deep elf annihilators
  3 yellow draconians
  7 spark wasps
  4 dire elephants
  4 white draconians
  13 ettins
  4 jiangshi
  3 blizzard demons
  9 deep elf death magi
  12 fire dragons
  2 merfolk impalers
  8 death oozes
  2 green deaths (Swamp:4)
  17 yaktaur captains
  2 rakshasas
  35 vault guards
  8 entropy weavers
  7 deep elf high priests
  9 great orbs of eyes
  27 hydras
  10 naga warriors
  3 spriggan air magi (Depths:2)
  7 ice dragons
  2 catoblepae
  A ghost crab (Swamp:2)
  A satyr (Zig:3)
  12 anacondas
  23 ogre magi
  24 dancing weapons
  Erolcha (D:9)
  11 alligators
  A queen ant (Lair:3)
  14 centaur warriors
  6 tengu warriors
  9 deep troll shamans
  4 hell hogs (Depths:4)
  7 shock serpents
  A titan zombie (Depths:2)
  4 vampire magi
  3 death yaks (Lair:8)
  13 naga sharpshooters
  A sun demon (Lair:8)
  10 deep troll earth magi
  2 spriggan berserkers
  An orc high priest (Orc:2)
  11 thrashing horrors
  2 fire crabs
  25 deep elf knights
  A storm dragon zombie (Vaults:5)
  An iron troll (shapeshifter) (Vaults:5)
  7 shadow wraiths
  6 salamander mystics
  An iron troll (Depths:5)
  A fire crab (shapeshifter) (Elf:1)
  17 hell knights
  2 wretched stars
  An iron giant skeleton (Depths:3)
  A golden dragon zombie (Zig:12)
  4 giant orange brains
  22 skeletal warriors
  2 deep trolls (shapeshifter)
  2 flayed ghosts
  41 deep trolls
  6 unseen horrors
  3 spriggan druids
  2 wizards
  4 large abominations
  A tengu zombie (D:15)
  A sphinx zombie (Depths:2)
  5 shambling mangroves
  A swamp dragon (shapeshifter) (Vaults:1)
  6 naga ritualists
  A giant orange brain (shapeshifter) (Elf:1)
  21 ironbrand convokers
  A torturous demonspawn (Depths:3)
  3 hill giants
  4 phantasmal warriors
  Pikel (D:7)
  22 deep elf archers
  6 necromancers
  9 orc knights
  A wolf spider zombie (D:15)
  3 wolf spiders
  A hill giant (shapeshifter) (Zig:13)
  5 orc sorcerers
  9 swamp dragons
  12 mana vipers
  An orb spider (shapeshifter) (Elf:2)
  An orb spider (Zig:10)
  8 cyclopes
  An orange crystal statue (Elf:1)
  87 deep elf magi
  4 oklob plants (Zig:14)
  A wolf spider (shapeshifter) (Depths:4)
  5 griffons
  A manticore (D:10)
  A shadow dragon skeleton (Depths:3)
  A shining eye (shapeshifter) (Vaults:5)
  7 moths of wrath
  A manticore (shapeshifter) (Depths:5)
  2 frost giant skeletons (Zig:12)
  2 sixfirhies
  3 shining eyes
  5 hornets
  2 sphinx skeletons
  12 salamanders
  21 elephants
  A guardian serpent (shapeshifter) (Zig:13)
  A salamander (shapeshifter) (Vaults:5)
  An iron dragon skeleton (Depths:3)
  61 ugly things
  A centaur zombie (D:14)
  A rust devil (Abyss:4)
  A frost giant zombie (D:15)
  An ice statue (Lair:1)
  An apocalypse crab (Zig:13)
  13 vault sentinels
  A black mamba (shapeshifter) (Vaults:2)
  6 eyes of devastation
  A human skeleton (Vaults:5)
  A fire giant skeleton (Depths:2)
  7 orange demons
  A spriggan skeleton (Depths:3)
  30 black mambas
  A centaur skeleton (D:14)
  5 guardian serpents
  A gargoyle (D:13)
  21 naga magi
  15 spiny frogs
  A smoke demon (Lair:8)
  An efreet (D:14)
  A human zombie (Vaults:5)
  A kobold demonologist (Vaults:2)
  7 freezing wraiths
  3 rime drakes
  11 komodo dragons
  5 ancient zymes
  3 tormentors
  66 yaktaurs
  A yaktaur skeleton (Vaults:5)
  7 ice devils
  3 tengu conjurers
  10 trolls
  2 giant leeches
  7 jumping spiders
  A wind drake (shapeshifter) (Vaults:4)
  A troll (shapeshifter) (Depths:1)
  2 two-headed ogres (shapeshifter)
  53 two-headed ogres
  4 polar bears
  5 blink frogs
  18 bog bodies
  4 raiju (shapeshifter)
  2 raiju (Abyss:4)
  9 boulder beetles
  170 slime creatures
  A centaur simulacrum (D:15)
  6 spriggans
  2 stone giant simulacra
  A flying skull (Zig:12)
  A vampire (D:15)
  19 redbacks
  A hog (shapeshifter) (Elf:2)
  2 air elementals (Elf:3)
  3 tarantellas
  9 water elementals
  A spriggan (shapeshifter) (Vaults:2)
  A wraith (Vaults:1)
  5 wyverns
  A wyvern (shapeshifter) (Vaults:2)
  6 shadows
  A fire bat (shapeshifter) (Depths:1)
  33 yaks
  14 hippogriffs
  5 fire elementals
  5 golden eyes (Slime:1)
  A hungry ghost (D:10)
  2 fire bats (Depths:1)
  An elf skeleton (Depths:3)
  A neqoxec (Depths:3)
  3 steam dragons
  3 chaos spawn
  54 vampire mosquitoes
  4 basilisks
  6 wargs
  A hippogriff (shapeshifter) (Elf:1)
  2 yaktaur simulacra
  3 human simulacra
  3 mottled dragons (Vaults:2)
  17 swamp worms
  26 insubstantial wisps
  8 soldier ants (Lair:3)
  14 water moccasins
  64 nagas
  A giant eyeball (shapeshifter) (Depths:5)
  Duvessa (D:4)
  8 hell hounds
  17 porcupines
  42 orc warriors
  7 swamp drakes
  An ice beast (shapeshifter) (Vaults:5)
  11 ice beasts
  A black bear (Lair:2)
  5 sky beasts
  13 eyes of draining
  A slave (D:7)
  15 wasps
  A tengu (shapeshifter) (Depths:5)
  21 wolves
  101 ogres
  8 boggarts
  2 black bears (shapeshifter) (Vaults:1)
  17 crocodiles
  18 centaurs
  5 big kobolds
  21 giant frogs
  2 gnoll sergeants (D:9)
  6 earth elementals
  A glowing shapeshifter simulacrum (Vaults:1)
  5 small abominations
  Dowan (D:4)
  6 killer bees (D:12)
  2 wyvern skeletons (D:13)
  An elf simulacrum (Vaults:3)
  4 scorpions
  4 wights
  4 electric eels
  5 howler monkeys
  10 crimson imps
  4 giant frog zombies
  2 quasits (Depths:3)
  A giant frog skeleton (D:10)
  6 hounds
  28 orc priests
  52 jellies
  An iron imp (Depths:3)
  15 iguanas
  26 orc wizards
  23 worker ants
  A killer bee zombie (D:5)
  18 sheep
  3 crocodile zombies (Lair:3)
  A mummy (Zig:12)
  2 worker ant zombies
  26 adders
  9 gnolls
  62 river rats
  5 shadow imps
  4 white imps
  3 ufetubi (Depths:3)
  7 oozes
  An adder zombie (D:5)
  An adder skeleton (D:9)
  3 dart slugs (D:1)
  8 giant geckos
  111 orcs
  2 ball pythons (D:6)
  9 bats
  5 giant cockroaches
  9 goblins
  6 hobgoblins
  13 jackals
  14 kobolds
  4 quokkas
  3 giant newts
  7 rats
  7 briar patches (Swamp:4)
  15 fungi
  16 plants
  4 starspawn tentacles (Abyss:4)
  A starspawn tentacle segment (Abyss:4)
  2 withered plants (D:15)
2887 creatures vanquished.

Vanquished Creatures (collateral kills)
  A pandemonium lord (Zig:13)
  3 golden dragons
  2 tentacled monstrosities
  A Hell Sentinel (Zig:6)
  A deep elf master archer (Elf:3)
  A death cob (Zot:2)
  3 acid blobs
  A deep elf blademaster (Elf:3)
  A sphinx (Vaults:1)
  An ancient champion (Vaults:3)
  A thorn hunter (Swamp:4)
  3 shadow dragons
  2 storm dragons
  6 greater nagas (Snake:4)
  The ghost of HEYYEYAAE the Frost Mage, an adept DrIE of Okawaru (Swamp:1)
  An iron dragon (Vaults:5)
  4 vault wardens
  6 ironheart preservers
  A war gargoyle (Vaults:5)
  A stone giant (Vaults:3)
  A deep elf demonologist (Elf:3)
  A purple draconian (Zot:2)
  Snorg (D:12)
  2 deep elf death magi (Elf:3)
  A blizzard demon (Zig:12)
  A vault guard (Vaults:4)
  A fire dragon (Depths:2)
  A great orb of eyes (Depths:5)
  4 ice dragons
  6 naga warriors
  2 hydras
  A catoblepas (Lair:3)
  An ogre mage (Vaults:5)
  2 alligators
  2 anacondas
  A centaur warrior (Depths:2)
  A deep troll shaman (Depths:1)
  3 dancing weapons (Elf:1)
  2 death yaks (Lair:8)
  A thrashing horror (Abyss:4)
  2 naga sharpshooters (Snake:4)
  A shock serpent (Snake:4)
  A deep elf knight (Vaults:1)
  3 salamander mystics (Snake:4)
  4 skeletal warriors
  4 deep trolls
  A deep elf archer (Elf:1)
  3 naga ritualists (Snake:4)
  A shambling mangrove (Swamp:4)
  3 hill giants
  An ironbrand convoker (Vaults:4)
  A phantasmal warrior (Vaults:3)
  A wolf spider (Vaults:1)
  An orange crystal statue (Zig:12)
  An orb spider (Zig:10)
  5 deep elf magi
  An orc knight (Vaults:2)
  2 mana vipers
  A manticore (D:13)
  A necromancer (Vaults:4)
  3 griffons
  A cyclops (Vaults:2)
  4 shining eyes
  5 salamanders
  6 ugly things
  5 elephants
  2 fire giant skeletons (Zig:12)
  Joseph (D:10)
  Psyche (D:10)
  An octopode (shapeshifter) (Vaults:5)
  5 black mambas
  4 spiny frogs
  2 naga magi
  An apocalypse crab (Zig:13)
  2 guardian serpents
  An elf zombie (Zig:12)
  A yaktaur zombie (D:15)
  3 yaktaurs
  Grinder (D:4)
  A slime creature (shapeshifter) (Vaults:5)
  A raiju (Zig:6)
  A two-headed ogre (D:8)
  A giant leech (Swamp:1)
  2 bog bodies
  6 blink frogs
  An ice dragon zombie (D:15)
  9 slime creatures
  35 yaks
  A tarantella (Zig:10)
  A wyvern (Lair:3)
  A fire elemental (D:13)
  A basilisk (Lair:5)
  A hippogriff (Lair:6)
  A hungry ghost (D:10)
  12 vampire mosquitoes
  An insubstantial wisp (Swamp:1)
  2 wargs (D:8)
  13 nagas
  4 soldier ants
  2 swamp worms
  3 water moccasins
  4 porcupines
  2 hell hounds (D:13)
  An ice beast (Zig:12)
  4 orc warriors
  A black bear (D:12)
  A sky beast (D:10)
  9 wolves
  2 ogres (D:5)
  3 crocodiles
  A big kobold (D:10)
  2 scorpions
  3 killer bees (D:10)
  4 wights
  2 howler monkeys
  A hound (D:13)
  3 jellies
  5 orc priests
  3 orc wizards
  2 iguanas
  8 worker ants
  4 sheep
  A hound skeleton (D:11)
  A worker ant zombie (D:5)
  A gnoll (D:9)
  3 adders
  17 river rats
  A giant gecko (D:5)
  24 orcs
  2 jackals (D:8)
  3 kobolds (D:10)
  A fungus (Lair:5)
382 creatures vanquished.

Vanquished Creatures (others)
  A golden dragon (Depths:5)
  A quicksilver dragon (Vaults:5)
  A tentacled starspawn (Abyss:4)
  2 tengu reavers (Vaults:5)
  2 fire giants
  A shadow wraith (Depths:3)
  A wizard (Vaults:1)
  A deep elf mage (Depths:2)
  A hornet (Vaults:1)
  An elephant (Lair:5)
  A ynoxinul (Abyss:4)
  A shadow (Swamp:3)
  A neqoxec (Abyss:4)
  A chaos spawn (Abyss:4)
  2 small abominations (Abyss:4)
  3 slaves (D:7)
  An ice beast (D:10)
  A worker ant (D:7)
  A river rat (Lair:4)
  2 orcs (D:7)
  A quokka (D:7)
  A briar patch (Swamp:4)
  42 fungi
  19 plants
  11 starspawn tentacles
  68 starspawn tentacle segments
  5 withered plants (D:15)
173 creatures vanquished.

Grand Total: 3442 creatures vanquished

Notes
Turn   | Place    | Note
--------------------------------------------------------------
     0 | D:1      | HEYYEYAAE the Draconian Ice Elementalist began the quest for the Orb.
     0 | D:1      | Reached XP level 1. HP: 14/14 MP: 3/3
   362 | D:1      | Reached XP level 2. HP: 2/22 MP: 1/5
   933 | D:1      | Reached skill level 1 in Fighting
  1038 | D:1      | Reached XP level 3. HP: 26/28 MP: 2/6
  1283 | D:2      | Reached XP level 4. HP: 20/35 MP: 2/8
  1313 | D:2      | Reached skill level 4 in Ice Magic
  1435 | D:2      | Found a faded altar to an unknown god.
  1915 | D:2      | Reached XP level 5. HP: 41/41 MP: 7/9
  2881 | D:4      | Noticed Dowan
  2883 | D:4      | Noticed Duvessa
  3142 | D:4      | Learned a level 3 spell: Ozocubu's Armour
  3147 | D:4      | Learned a level 4 spell: Throw Icicle
  3164 | D:4      | Killed Dowan
  3191 | D:4      | Killed Duvessa
  3191 | D:4      | Reached XP level 6. HP: 26/50 MP: 1/12
  3317 | D:4      | Noticed Grinder
  3320 | D:4      | Paralysed by something for 2 turns
  3324 | D:4      | Paralysed by something for 3 turns
  3564 | D:4      | Found a burning altar of Makhleb.
  3564 | D:4      | Noticed an Executioner
  3687 | D:4      | Reached skill level 5 in Ice Magic
  3820 | D:4      | Your scales start taking on an icy white colour.
  3820 | D:4      | Reached skill level 6 in Ice Magic
  3820 | D:4      | Reached XP level 7. HP: 55/56 MP: 13/13
  3820 | D:4      | Gained mutation: Your flesh is cold resistant. [White Draconian growth]
  3970 | D:4      | Learned a level 4 spell: Summon Ice Beast
  4308 | D:4      | Killed Grinder
  4422 | D:5      | Entered Level 5 of the Dungeon
  4459 | D:5      | Found an ancient bone altar of Kikubaaqudgha.
  4568 | D:5      | Found a deep blue altar of Sif Muna.
  4613 | D:5      | Reached skill level 7 in Ice Magic
  4646 | D:5      | Got an iridescent quarterstaff
  4649 | D:5      | Identified the +3 quarterstaff of Geosuc {crush, rN+ Dex+4} (You found it on level 5 of the Dungeon)
  4651 | D:5      | Reached skill level 5 in Spellcasting
  5448 | D:5      | Reached XP level 8. HP: 36/63 MP: 3/16
  5692 | D:5      | Found a blossoming altar of Fedhas.
  6009 | D:6      | Found a shimmering altar of Xom.
  6088 | D:6      | Found an iron altar of Okawaru.
  6107 | D:6      | Found a white marble altar of Elyvilon.
  6117 | D:6      | Got a transparent mace {venom}
  6119 | D:6      | Identified the +6 mace of Sirroud {venom, +Inv +Fly} (You took it off a crimson imp on level 6 of the Dungeon)
  6132 | D:6      | Became a worshipper of Warmaster Okawaru
  6147 | D:6      | Reached skill level 1 in Shields
  6428 | D:6      | Reached skill level 8 in Ice Magic
  6456 | D:6      | Reached skill level 1 in Evocations
  6564 | D:6      | Found a shimmering altar of Xom.
  6630 | D:6      | Reached * piety under Okawaru
  6751 | D:6      | Found a burning altar of Makhleb.
  6892 | D:7      | Reached XP level 9. HP: 72/72 MP: 15/18
  7624 | D:7      | Noticed Pikel
  7633 | D:7      | Killed Pikel
  7633 | D:7      | Reached ** piety under Okawaru
  7633 | D:7      | Reached skill level 5 in Fighting
  7633 | D:7      | Reached skill level 9 in Ice Magic
  7788 | D:7      | Found a staircase to the Ecumenical Temple.
  8315 | Temple   | Entered the Ecumenical Temple
  8557 | D:8      | Reached *** piety under Okawaru
  8759 | D:8      | Found a blossoming altar of Fedhas.
  8826 | D:8      | Reached skill level 10 in Ice Magic
  8973 | D:8      | Found a staircase to the Lair.
  8985 | D:8      | Reached skill level 5 in Dodging
  9290 | D:8      | Reached **** piety under Okawaru
  9290 | D:8      | Reached XP level 10. HP: 62/81 MP: 7/21
  9770 | D:9      | Found an oddly glowing altar of Pakellas.
 10157 | D:9      | Found a staircase to the Orcish Mines.
 10592 | D:9      | Reached ***** piety under Okawaru
 10936 | D:9      | Noticed Erolcha
 10989 | D:9      | Killed Erolcha
 10989 | D:9      | Received a gift from Okawaru
 10989 | D:9      | Reached skill level 11 in Ice Magic
 11243 | D:9      | Found a shattered altar of Ashenzari.
 11364 | D:10     | Entered Level 10 of the Dungeon
 11493 | D:10     | Noticed Psyche
 11505 | D:10     | Killed Psyche
 11580 | D:10     | Noticed Joseph
 11594 | D:10     | Killed Joseph
 12621 | D:11     | Noticed a cyclops
 12805 | D:11     | Noticed Maurice
 12810 | D:10     | Reached XP level 11. HP: 84/91 MP: 14/23
 12896 | D:10     | Noticed a hill giant
 12904 | D:10     | Killed a hill giant
 12904 | D:10     | Received a gift from Okawaru
 13004 | D:10     | Reached skill level 5 in Shields
 13977 | D:11     | Noticed Sonja
 13978 | D:11     | Noticed Sonja
 13978 | D:11     | Sonja changed into Sonja the spiny frog
 13983 | D:11     | Killed Sonja the spiny frog
 13983 | D:11     | Received a gift from Okawaru
 13986 | D:11     | Got a pair of faintly glowing gloves {god gift}
 14020 | D:11     | Noticed a red ugly thing
 14035 | D:11     | Killed a red ugly thing
 14035 | D:11     | Reached skill level 12 in Ice Magic
 14163 | D:11     | Killed an unseen horror
 14163 | D:11     | Reached skill level 5 in Evocations
 14327 | D:11     | Identified the +0 pair of gloves "Fysh" {MR- Slay+5 SInv} (Okawaru gifted it to you on level 11 of the Dungeon)
 14405 | D:11     | Noticed Maurice
 14405 | D:11     | Maurice changed into Maurice the scorpion
 14408 | D:11     | Killed Maurice the scorpion
 14663 | D:11     | Learned a level 6 spell: Haste
 14671 | D:11     | Learned a level 2 spell: Blink
 14678 | D:11     | Learned a level 6 spell: Deflect Missiles
 14680 | D:11     | Learned a level 1 spell: Apportation
 15019 | D:12     | Noticed a red ugly thing
 15023 | D:12     | Noticed a cyan ugly thing
 15469 | D:12     | Killed a green ugly thing
 15469 | D:12     | Reached skill level 1 in Charms
 15480 | D:12     | Killed a purple ugly thing
 15651 | D:12     | Noticed Snorg
 15984 | D:12     | Killed Snorg
 16344 | D:12     | Got a bloodstained glaive
 16539 | D:12     | Noticed a hill giant
 16548 | D:12     | Killed a hill giant
 16785 | D:13     | Noticed a green ugly thing
 16795 | D:13     | Killed a green ugly thing
 16890 | D:13     | Found a portal to a secret trove of treasure.
 16900 | D:13     | Reached XP level 12. HP: 101/101 MP: 1/25
 17236 | D:13     | Noticed Maud
 17357 | D:13     | Noticed Azrael
 17369 | D:13     | Killed Azrael
 17369 | D:13     | Reached ****** piety under Okawaru
 17397 | D:13     | Noticed a tengu warrior
 17401 | D:13     | Noticed a catoblepas
 17401 | D:13     | Noticed a tengu warrior
 17434 | D:13     | Killed a tengu warrior
 17434 | D:13     | Received a gift from Okawaru
 17439 | D:13     | Got an ancient great mace {god gift}
 17923 | D:13     | Killed a catoblepas
 18396 | Lair:1   | Entered Level 1 of the Lair of Beasts
 18619 | Lair:1   | Identified the +4 great mace of the Evening {drain, *Contam *Noise +Fly Str+8} (Okawaru gifted it to you on level 13 of the Dungeon)
 18993 | Lair:1   | Reached skill level 5 in Charms
 19104 | Lair:1   | Received a gift from Okawaru
 19104 | Lair:1   | Reached skill level 13 in Ice Magic
 19230 | Lair:1   | Got a translucent wooden ring
 19369 | Lair:1   | Noticed a five-headed hydra
 19378 | Lair:1   | Killed a five-headed hydra
 20023 | Lair:2   | Identified the cursed +1 glaive "Feazioq" {vamp, rPois rC- rN+ Str+7} (You found it on level 12 of the Dungeon)
 20208 | Lair:2   | Reached skill level 10 in Spellcasting
 20562 | Lair:2   | Identified the ring of Eppalaan {rF+ MP+9 Int-2 Slay+5} (You found it on level 1 of the Lair of Beasts)
 20585 | Lair:2   | Identified a scroll of acquirement
 21181 | Lair:3   | Noticed a seven-headed hydra
 21188 | Lair:3   | Noticed a catoblepas
 21189 | Lair:3   | Reached XP level 13. HP: 26/110 MP: 7/27
 21189 | Lair:3   | HP: 3/110 [seven-headed hydra (5)]
 21673 | Lair:3   | You fall through a shaft for 2 floors!
 22772 | Lair:5   | Received a gift from Okawaru
 23426 | Lair:4   | Found a staircase to the Snake Pit.
 24090 | Lair:4   | Learned a level 6 spell: Ozocubu's Refrigeration
 24828 | Lair:3   | Reached skill level 10 in Charms
 25005 | Lair:3   | Received a gift from Okawaru
 25027 | Lair:3   | Got a fine hat {god gift}
 25037 | Lair:3   | Identified the -1 hat "Nuptul" {MR+} (Okawaru gifted it to you on level 3 of the Lair of Beasts)
 25650 | Lair:3   | Found a staircase to the Swamp.
 26542 | Lair:6   | Found a runed door.
 26543 | Lair:6   | Found a viscous altar of Jiyva.
 26543 | Lair:6   | Noticed an acid blob
 26544 | Lair:6   | Noticed an acid blob
 26544 | Lair:6   | Noticed an acid blob
 26545 | Lair:6   | Found a staircase to the Slime Pits.
 26546 | Lair:6   | Noticed an acid blob
 26709 | Lair:6   | Reached XP level 14. HP: 89/116 MP: 12/29
 27038 | Lair:6   | Got a warped rapier
 27080 | Lair:6   | Learned a level 1 spell: Summon Butterflies
 27787 | Lair:7   | Received a gift from Okawaru
 27924 | Lair:7   | Identified the cursed +1 rapier "Upleton" {pierce, Str+4 Dex+3} (You found it on level 6 of the Lair of Beasts)
 27941 | Lair:7   | Reached skill level 14 in Ice Magic
 28170 | Lair:7   | Got a bloodstained scythe
 29293 | Lair:8   | Entered Level 8 of the Lair of Beasts
 29793 | Lair:8   | Received a gift from Okawaru
 30396 | Lair:8   | Received a gift from Okawaru
 31283 | Lair:8   | Got a jewelled buckler {god gift}
 31289 | Lair:8   | Identified the +2 buckler of Nyug {rC++ Str+5 Dex-4} (Okawaru gifted it to you on level 8 of the Lair of Beasts)
 31656 | Lair:8   | Found a burning altar of Makhleb.
 31808 | Lair:8   | Reached XP level 15. HP: 119/126 MP: 12/31
 31809 | Lair:8   | Reached skill level 10 in Fighting
 32595 | Lair:8   | Found a gateway to Hell.
 33071 | Orc:1    | Entered Level 1 of the Orcish Mines
 33205 | Orc:2    | Entered Level 2 of the Orcish Mines
 33217 | Orc:2    | Found Niaroext's Assorted Antiques.
 33218 | Orc:2    | Found a staircase to the Elven Halls.
 33303 | Orc:2    | Bought a pair of dazzling boots for 199 gold pieces
 33303 | Orc:2    | Bought a scroll of identify for 42 gold pieces
 33303 | Orc:2    | Bought a scroll of teleportation for 63 gold pieces
 33325 | Orc:2    | Identified the cursed -1 pair of boots of Azicsou {Str+4} (You bought it in a shop on level 2 of the Orcish Mines)
 33673 | Orc:2    | Noticed an orc warlord
 33835 | Orc:2    | Reached skill level 15 in Ice Magic
 33843 | Orc:2    | Killed an orc warlord
 33984 | Orc:2    | Received a gift from Okawaru
 34047 | Orc:2    | Noticed Elystan's ghost (journeyman FoFi)
 34078 | Orc:2    | Killed Elystan's ghost
 35233 | Orc:2    | Found Muylieso's Weapon Emporium.
 35233 | Orc:2    | Found Hauwuty's Magic Scroll Shop.
 35233 | Orc:2    | Found Qonor's Antique Weapon Shop.
 35233 | Orc:2    | Found Saschaur's General Store.
 35244 | Orc:2    | Bought a scroll of identify for 20 gold pieces
 35244 | Orc:2    | Bought a scroll of identify for 20 gold pieces
 35244 | Orc:2    | Bought a scroll of holy word for 75 gold pieces
 35244 | Orc:2    | Bought a scroll of teleportation for 30 gold pieces
 35244 | Orc:2    | Bought a scroll of recharging for 95 gold pieces
 35244 | Orc:2    | Bought a scroll of identify for 20 gold pieces
 35245 | Orc:2    | Bought a potion of heal wounds for 90 gold pieces
 35245 | Orc:2    | Bought a wand of paralysis (4/24) for 108 gold pieces
 35245 | Orc:2    | Bought 4 fruits for 108 gold pieces
 35253 | Orc:2    | Identified the +11 scythe "Neocedioq" {slice, Int+7} (You found it on level 7 of the Lair of Beasts)
 35270 | Orc:2    | Bought a scroll of enchant weapon for 75 gold pieces
 36007 | Orc:1    | Reached skill level 1 in Polearms
 36071 | Elf:1    | Entered Level 1 of the Elven Halls
 36073 | Elf:1    | Received a gift from Okawaru
 36291 | Elf:1    | Noticed a deep elf sorcerer
 36300 | Elf:1    | Killed a deep elf sorcerer
 36306 | Elf:1    | Noticed Louise
 36645 | Elf:1    | Killed Louise
 37538 | Elf:1    | Reached XP level 16. HP: 138/138 MP: 23/32
 38014 | Elf:1    | Found Tallet Zuruq's Gadget Boutique.
 38127 | Elf:1    | Bought a fan of gales for 640 gold pieces
 38551 | Elf:1    | Reached skill level 16 in Ice Magic
 39621 | Elf:2    | Received a gift from Okawaru
 39627 | Elf:2    | Got an ichor-stained trident {god gift}
 39628 | Elf:2    | Identified the +2 trident of Defiance {pain, -Tele +Rage rN+ Stlth+} (Okawaru gifted it to you on level 2 of the Elven Halls)
 39715 | Elf:2    | Got a pair of encrusted gloves
 39721 | Elf:2    | Identified the +2 pair of gloves "Cuumises" {rElec MP-9 Int+2} (You acquired it on level 2 of the Elven Halls)
 40415 | Elf:2    | Found a huge runed gate.
 40415 | Elf:2    | Found a huge runed gate.
 40416 | Elf:2    | Found a huge runed gate.
 40417 | Elf:2    | Found a huge runed gate.
 40480 | Elf:2    | Found a huge runed gate.
 41058 | Elf:2    | HP: 1/141 [deep elf mage/bolt of lightning (37)]
 41766 | Elf:3    | Entered Level 3 of the Elven Halls
 41798 | Elf:3    | Noticed a deep elf blademaster
 41798 | Elf:3    | Noticed a deep elf blademaster
 42926 | Elf:3    | Received a gift from Okawaru
 43080 | Elf:3    | Learned a level 6 spell: Simulacrum
 43338 | Elf:3    | Noticed a deep elf master archer
 43338 | Elf:3    | Noticed a deep elf master archer
 43344 | Elf:3    | Killed a deep elf master archer
 43713 | Elf:3    | Killed a deep elf blademaster
 44594 | Elf:3    | Reached XP level 17. HP: 141/148 MP: 7/33
 44615 | Elf:3    | Killed a deep elf master archer
 45650 | Elf:3    | Reached skill level 17 in Ice Magic
 46201 | Elf:2    | Received a gift from Okawaru
 46345 | Elf:3    | Received a gift from Okawaru
 46841 | Elf:3    | Reached skill level 5 in Polearms
 47156 | Elf:3    | Killed a deep elf blademaster
 47731 | Elf:3    | Got a transparent cloak
 47742 | Elf:3    | Identified the +1 cloak of Ymonk {+Blink Dex+5} (You found it on level 3 of the Elven Halls)
 47776 | Elf:3    | Learned a level 2 spell: Swiftness
 47811 | Elf:3    | Identified the Catalogue of the Seven Cities
 48023 | Elf:3    | Got a crude long sword {elec}
 48025 | Elf:3    | Identified the +4 long sword of Zaahajawa {elec, Int+2 Dex-5 SInv} (You took it off a deep elf sorcerer on level 3 of the Elven Halls)
 48047 | Elf:3    | Got a shimmering mace {crush}
 48048 | Elf:3    | Identified the cursed +3 mace "Dragonbane" {crush, Int+5} (You took it off a deep elf mage on level 3 of the Elven Halls)
 48087 | Elf:3    | Got a faintly glowing spear {venom}
 48088 | Elf:3    | Identified the +8 spear of Subterfuge {venom, MR+ Str+2 Int+2} (You took it off a deep elf demonologist on level 3 of the Elven Halls)
 48262 | Elf:1    | Got a pair of fine boots {god gift}
 48269 | Elf:1    | Identified the +2 pair of boots of Subjectivity {Str+3 Dex+4} (Okawaru gifted it to you on level 1 of the Elven Halls)
 49036 | D:13     | Reached skill level 10 in Evocations
 49359 | D:14     | Killed Maud
 50023 | D:14     | Found a gate to the Vaults.
 50126 | D:15     | Entered Level 15 of the Dungeon
 50488 | D:15     | Noticed Nessos
 50493 | D:15     | Received a gift from Okawaru
 50516 | D:15     | Killed Nessos
 50819 | D:15     | Reached skill level 10 in Dodging
 50981 | D:15     | Reached XP level 18. HP: 97/159 MP: 3/35
 51120 | D:15     | Found a staircase to the Depths.
 51434 | D:15     | Got a warped shield {god gift}
 51440 | D:15     | Identified the +0 shield of the Sturgeon {rN+ MR+} (Okawaru gifted it to you on level 15 of the Dungeon)
 51947 | Swamp:1  | Entered Level 1 of the Swamp
 52118 | Swamp:1  | Noticed HEYYEYAAE's ghost (adept DrIE)
 52528 | Swamp:1  | Killed HEYYEYAAE's ghost
 54252 | Swamp:2  | Reached skill level 18 in Ice Magic
 54721 | Swamp:2  | Received a gift from Okawaru
 55086 | Swamp:2  | Gained mutation: You evolve. [potion of beneficial mutation]
 55509 | Swamp:3  | Noticed Aizul
 55526 | Swamp:3  | Killed Aizul
 55726 | Swamp:3  | Reached skill level 10 in Shields
 56133 | Swamp:3  | Noticed Jorgrun
 56140 | Swamp:3  | Killed Jorgrun
 56647 | Swamp:4  | Entered Level 4 of the Swamp
 57136 | Swamp:4  | Received a gift from Okawaru
 57760 | Swamp:4  | Received a gift from Okawaru
 58441 | Swamp:4  | Noticed a tentacled monstrosity
 58491 | Swamp:4  | Reached XP level 19. HP: 147/169 MP: 10/36
 58721 | Swamp:4  | Reached skill level 15 in Fighting
 59042 | Swamp:4  | Gained mutation: You are robust (+10% HP). [evolution]
 59367 | Swamp:4  | Got a decaying rune of Zot
 59639 | Snake:1  | Entered Level 1 of the Snake Pit
 59667 | Snake:1  | Received a gift from Okawaru
 60190 | Snake:1  | Gained mutation: You have a beak for a mouth. [potion of beneficial mutation]
 60392 | Snake:1  | Learned a level 3 spell: Regeneration
 60941 | Snake:2  | Found Wunoif's General Store.
 60962 | Snake:2  | Bought a meat ration for 70 gold pieces
 61297 | Snake:2  | Got a dazzling mace
 61628 | Snake:3  | Identified the +4 mace of Doom {drain, rPois Str+7} (You found it on level 2 of the Snake Pit)
 61712 | Snake:3  | Noticed Asterion
 61714 | Snake:3  | Received a gift from Okawaru
 61791 | Snake:3  | Killed Asterion
 62145 | Snake:3  | Found Duhufenu's Food Shoppe.
 62161 | Snake:3  | Bought a meat ration for 55 gold pieces
 62161 | Snake:3  | Bought a meat ration for 55 gold pieces
 62161 | Snake:3  | Bought a bread ration for 55 gold pieces
 62161 | Snake:3  | Bought a meat ration for 55 gold pieces
 62161 | Snake:3  | Bought a bread ration for 55 gold pieces
 62161 | Snake:3  | Bought a bread ration for 55 gold pieces
 62168 | Snake:3  | Reached skill level 19 in Ice Magic
 62192 | Snake:3  | Identified the Guide on Twisted Orientation (You found it on level 3 of the Snake Pit)
 63188 | Snake:3  | Bought a royal jelly for 22 gold pieces
 63234 | Snake:4  | Entered Level 4 of the Snake Pit
 64936 | Snake:4  | Received a gift from Okawaru
 64950 | Snake:4  | Gained mutation: Your tail ends in a poisonous barb. [evolution]
 65292 | Snake:4  | Reached XP level 20. HP: 173/198 MP: 18/38
 66790 | Snake:4  | Got a serpentine rune of Zot
 66923 | Snake:3  | Bought a slice of pizza for 16 gold pieces
 66923 | Snake:3  | Bought a beef jerky for 16 gold pieces
 66923 | Snake:3  | Bought 3 fruits for 49 gold pieces
 66923 | Snake:3  | Bought a royal jelly for 22 gold pieces
 66923 | Snake:3  | Bought a slice of pizza for 16 gold pieces
 67023 | Snake:4  | Got a pair of warped gloves {god gift}
 67029 | Snake:4  | Identified the +0 pair of gloves "Qabbeocs" {Int+6 Stlth-} (Okawaru gifted it to you on level 4 of the Snake Pit)
 67192 | Lair:6   | Received a gift from Okawaru
 67238 | Lair:6   | Got a pair of spiked gloves {god gift}
 67244 | Lair:6   | Identified the -6 pair of gloves of Wafeder {+Blink Dex+4} (Okawaru gifted it to you on level 6 of the Lair of Beasts)
 67330 | Slime:1  | Entered Level 1 of the Pits of Slime
 67691 | Slime:1  | Reached skill level 20 in Ice Magic
 67917 | Slime:1  | Reached skill level 15 in Spellcasting
 69195 | Slime:3  | Gained mutation: Your spells are a little easier to cast, but a little less powerful. [a shining eye]
 69867 | Slime:3  | You fall through a shaft!
 69904 | Slime:4  | Noticed Dissolution
 70149 | Slime:4  | Killed Dissolution
 70149 | Slime:4  | Reached XP level 21. HP: 178/207 MP: 5/40
 70313 | Slime:4  | Received a gift from Okawaru
 71926 | Slime:6  | Entered Level 6 of the Pits of Slime
 72524 | Slime:5  | Received a gift from Okawaru
 72782 | Slime:6  | Noticed the Royal Jelly
 72886 | Slime:6  | Killed the Royal Jelly
 73075 | Slime:6  | Got a sparkling bronze ring
 73088 | Slime:6  | Got a slimy rune of Zot
 73137 | Slime:6  | Gained mutation: You have sharp toenails. [potion of beneficial mutation]
 73172 | Slime:6  | Got a slimy silver amulet
 73173 | Slime:6  | Identified the amulet of Ticunk {+Rage rElec} (You found it on level 6 of the Pits of Slime)
 73184 | Slime:6  | Got a scorched buckler
 73190 | Slime:6  | Identified the +1 buckler of the Sun {+Fly rF+ SInv Stlth+} (You found it on level 6 of the Pits of Slime)
 73201 | Slime:6  | Identified the ring of the Imp {rElec rF+ MR+ Stlth+} (You found it on level 6 of the Pits of Slime)
 73204 | Slime:6  | Got a smoking tin ring
 73206 | Slime:6  | Identified the ring "Ykiett" {*Tele MP+9 Str+3 Slay+3 Stlth+} (You found it on level 6 of the Pits of Slime)
 73266 | Slime:6  | Got a sparkling steel ring
 73269 | Slime:6  | Identified Gomm's Grimoire of Cankerous Calling
 73271 | Slime:6  | Got a steaming falchion
 73277 | Slime:6  | Identified the +5 falchion "Bilioc" {elec, +Fly rElec Int+4} (You found it on level 6 of the Pits of Slime)
 73298 | Slime:6  | Got a fine falchion
 73300 | Slime:6  | Identified the cursed +1 falchion "Uziotec" {slice, Dex+4} (You found it on level 6 of the Pits of Slime)
 73691 | Vaults:1 | Entered Level 1 of the Vaults
 73858 | Vaults:1 | Identified the ring of the Queen {rF+ MR++ Str-5 Dex+2 SInv} (You found it on level 6 of the Pits of Slime)
 74430 | Vaults:1 | Found Munaen's Weapon Boutique.
 75375 | Vaults:1 | Received a gift from Okawaru
 75483 | Vaults:1 | Gained mutation: You passively map a small area around you. [evolution]
 75483 | Vaults:1 | Lost mutation: You evolve. [end of evolution]
 75748 | Vaults:1 | Reached XP level 22. HP: 212/221 MP: 29/42
 75754 | Vaults:1 | Reached skill level 21 in Ice Magic
 77077 | Vaults:2 | Gained mutation: You regenerate slowly when monsters are visible. [mutagenic meat]
 77078 | Vaults:2 | Gained mutation: You are very robust (+20% HP). [mutagenic meat]
 77079 | Vaults:2 | Gained mutation: Your tail ends in a sharp poisonous barb. [mutagenic meat]
 77081 | Vaults:2 | Gained mutation: You can translocate small distances at will. [mutagenic meat]
 77083 | Vaults:2 | Lost mutation: Your spells are a little easier to cast, but a little less powerful. [potion of mutation]
 77084 | Vaults:2 | Lost mutation: You have sharp toenails. [potion of mutation]
 77085 | Vaults:2 | Gained mutation: Your tail ends in a wickedly sharp and poisonous barb. [potion of mutation]
 77086 | Vaults:2 | Gained mutation: Your spells are a little easier to cast, but a little less powerful. [potion of mutation]
 77086 | Vaults:2 | Lost mutation: Your spells are a little easier to cast, but a little less powerful. [potion of mutation]
 77086 | Vaults:2 | Gained mutation: You are weak. (Str -2) [potion of mutation]
 79271 | Vaults:2 | Received a gift from Okawaru
 79340 | Vaults:2 | Lost mutation: You are weak. (Str -2) [mutagenic meat]
 79342 | Vaults:2 | Lost mutation: You passively map a small area around you. [mutagenic meat]
 79585 | Vaults:3 | Found Qoush's Magic Scroll Shoppe.
 79588 | Vaults:3 | Bought a scroll of blinking for 120 gold pieces
 79588 | Vaults:3 | Bought a scroll of teleportation for 48 gold pieces
 79939 | Vaults:3 | Lost mutation: Your tail ends in a wickedly sharp and poisonous barb. [mutagenic meat]
 79941 | Vaults:3 | Gained mutation: Your spells are a little easier to cast, but a little less powerful. [mutagenic meat]
 79944 | Vaults:3 | Lost mutation: Your tail ends in a sharp poisonous barb. [mutagenic meat]
 80071 | Vaults:3 | Received a gift from Okawaru
 80100 | Vaults:3 | Lost mutation: Your tail ends in a poisonous barb. [mutagenic meat]
 80101 | Vaults:3 | Gained mutation: Your skin changes colour to match your surroundings (Stealth). [mutagenic meat]
 80102 | Vaults:3 | Gained mutation: You expend magic power (3 MP) to strengthen your wands. [mutagenic meat]
 80103 | Vaults:3 | Gained mutation: Your flesh is heat resistant. [mutagenic meat]
 80104 | Vaults:3 | Gained mutation: Your system is resistant to poisons. [mutagenic meat]
 80105 | Vaults:3 | Gained mutation: You are weak. (Str -2) [mutagenic meat]
 80107 | Vaults:3 | Gained mutation: You are very weak. (Str -4) [mutagenic meat]
 80108 | Vaults:3 | Gained mutation: You are resistant to hostile enchantments. [mutagenic meat]
 80110 | Vaults:3 | Lost mutation: You are resistant to hostile enchantments. [mutagenic meat]
 80112 | Vaults:3 | Lost mutation: Your system is resistant to poisons. [mutagenic meat]
 80314 | Vaults:3 | Received a gift from Okawaru
 80794 | Vaults:3 | Received a gift from Okawaru
 81042 | Vaults:3 | Reached XP level 23. HP: 253/253 MP: 18/43
 81231 | Vaults:3 | Found a staircase to the Crypt.
 81375 | Vaults:3 | Reached skill level 22 in Ice Magic
 81959 | Vaults:4 | Reached skill level 1 in Long Blades
 83411 | Vaults:4 | Got a vibrating ivory ring
 83428 | Vaults:4 | Received a gift from Okawaru
 84429 | Vaults:4 | Received a gift from Okawaru
 85977 | Vaults:5 | Entered Level 5 of the Vaults
 85981 | Vaults:5 | Reached XP level 24. HP: 254/266 MP: 26/44
 86102 | Vaults:5 | Noticed an ancient lich
 86109 | Vaults:5 | Received a gift from Okawaru
 86481 | Vaults:4 | Killed an ancient lich
 86856 | Vaults:4 | Reached skill level 23 in Ice Magic
 87457 | Vaults:4 | Lost mutation: You expend magic power (3 MP) to strengthen your wands. [mutagenic meat]
 87458 | Vaults:4 | Gained mutation: You are clumsy. (Dex -2) [mutagenic meat]
 87460 | Vaults:4 | Gained mutation: You have sharp toenails. [mutagenic meat]
 87975 | Vaults:5 | Noticed Charly's ghost (adept MfSk)
 88077 | Vaults:5 | Killed Charly's ghost
 88146 | Vaults:5 | Reached skill level 5 in Long Blades
 88625 | Vaults:4 | Identified the ring "Yrchyo Anile" {*Contam rC+ Int+4 Slay+3} (You found it on level 4 of the Vaults)
 89123 | Vaults:5 | Noticed an ancient lich
 89617 | Vaults:5 | Received a gift from Okawaru
 89829 | Vaults:5 | Paralysed by a hornet for 1 turns
 90526 | Vaults:5 | Got a silver rune of Zot
 90869 | Vaults:5 | Lost mutation: You have sharp toenails. [mutagenic meat]
 90870 | Vaults:5 | Gained mutation: Your flesh is very cold resistant. [mutagenic meat]
 90871 | Vaults:5 | Lost mutation: Your flesh is very cold resistant. [mutagenic meat]
 91010 | Vaults:5 | Identified Dikhoibb's Incunabulum of Assistive Envenoming (You found it on level 5 of the Vaults)
 91528 | Vaults:5 | Identified Sif Muna's Almanac of Lightness (You found it on level 5 of the Vaults)
 91908 | Vaults:5 | Got a steaming morningstar {freeze}
 91911 | Vaults:5 | Identified the +9 morningstar "Lirch" {freeze, rElec rPois rF++ MR-} (You took it off a tengu reaver on level 5 of the Vaults)
 91983 | Vaults:5 | Got a pair of brightly glowing boots {god gift}
 91985 | Vaults:5 | Got a scorched dagger {drain}
 91989 | Vaults:5 | Identified the +10 dagger of Desperation {drain, *Corrode MP+9 Str+2 Dex+3} (You took it off an ironheart preserver on level 5 of the Vaults)
 92000 | Vaults:5 | Identified the +2 pair of boots of the Known World {Stlth+} (Okawaru gifted it to you on level 5 of the Vaults)
 92098 | Vaults:1 | Learned a level 9 spell: Glaciate
 92369 | Elf:3    | Got a faintly glowing falchion {flame}
 92371 | Elf:3    | Identified the +3 falchion "Qaix" {flame, +Inv Str-2 Int+6} (You took it off a deep elf demonologist on level 3 of the Elven Halls)
 93020 | D:15     | Reached XP level 25. HP: 278/278 MP: 45/45
 93048 | Depths:1 | Entered Level 1 of the Depths
 93216 | Depths:1 | Lost mutation: You are very robust (+20% HP). [mutagenic meat]
 93217 | Depths:1 | Gained mutation: You evolve. [mutagenic meat]
 93221 | Depths:1 | Lost mutation: You are very weak. (Str -4) [mutagenic meat]
 93222 | Depths:1 | Lost mutation: You are clumsy. (Dex -2) [mutagenic meat]
 93499 | Depths:1 | Found Osimn's Food Shoppe.
 93829 | Depths:1 | Gained mutation: You have sharp fingernails. [evolution]
 93948 | Depths:1 | Got a pair of faintly glowing boots
 93961 | Depths:1 | Identified the +4 pair of boots of Acveh {*Corrode rElec Int-4 Stlth+} (You acquired it on level 1 of the Depths)
 94014 | Depths:1 | Bought a bread ration for 70 gold pieces
 94014 | Depths:1 | Bought a bread ration for 70 gold pieces
 94014 | Depths:1 | Bought a meat ration for 70 gold pieces
 94014 | Depths:1 | Bought a bread ration for 70 gold pieces
 94090 | Depths:1 | Found a one-way gate to the infinite horrors of the Abyss.
 94215 | Depths:2 | Received a gift from Okawaru
 94400 | Depths:2 | Noticed the Enchantress
 94433 | Depths:2 | Was placed under penance by Okawaru
 94453 | Depths:2 | Noticed Sojobo
 95470 | Depths:2 | Lost mutation: You are weak. (Str -2) [mutagenic meat]
 95472 | Depths:2 | Lost mutation: You regenerate slowly when monsters are visible. [mutagenic meat]
 95473 | Depths:2 | Gained mutation: Scrolls take you a little longer to read. [mutagenic meat]
 95476 | Depths:2 | Gained mutation: You expend magic power (3 MP) to strengthen your wands. [mutagenic meat]
 95774 | Depths:2 | Killed Sojobo
 96256 | Depths:2 | Hired Feotu the deep elf mage for 548 gold.
 96281 | Depths:2 | Your ally Feotu died
 96359 | Depths:2 | Cast into level 3 of the Abyss (the Enchantress)
 96364 | Abyss:3  | Found a corrupted altar of Lugonu.
 96564 | Abyss:4  | Reached skill level 10 in Polearms
 96944 | Abyss:4  | Gained mutation: Scrolls take you longer to read. [a neqoxec]
 96968 | Abyss:4  | Got an abyssal rune of Zot
 97470 | Abyss:4  | Reached skill level 24 in Ice Magic
 97640 | Depths:2 | Escaped the Abyss
 97795 | D:13     | You showed the abyssal rune of Zot to enter a treasure trove
 97796 | Trove    | Entered a treasure trove
 97813 | Trove    | Identified the Collected Works on Venomous Snow
 97822 | Trove    | Identified the Almanac of Shifting Dark Arts
 97851 | Trove    | Identified Sif Muna's Papyrus of Freezing Flames
 97854 | Trove    | Identified Jakkicep's Tome of Earth and the Glacier
 97863 | Trove    | Identified Sif Muna's Reference Book on the Floating Glacier
 98057 | Depths:2 | Banished the Enchantress
 98290 | Hell     | Entered the Vestibule of Hell
 98290 | Hell     | Noticed Geryon
 98438 | Depths:3 | Found a gateway to a ziggurat.
 98497 | Depths:3 | Found a flickering gateway to a bazaar.
 98509 | Bazaar   | Entered a bazaar
 98590 | Bazaar   | Found Serexeu's Book Shop.
 98603 | Bazaar   | Found Fytsucef's Book Boutique.
 98631 | Bazaar   | Found Velafus's Food Shop.
 98631 | Bazaar   | Found Taruma's Distillery.
 98638 | Bazaar   | Bought a meat ration for 40 gold pieces
 98638 | Bazaar   | Bought a bread ration for 40 gold pieces
 98638 | Bazaar   | Bought a meat ration for 40 gold pieces
 98638 | Bazaar   | Bought a meat ration for 40 gold pieces
 98638 | Bazaar   | Bought a meat ration for 40 gold pieces
 98638 | Bazaar   | Bought a bread ration for 40 gold pieces
 98644 | Bazaar   | Bought a potion of might for 36 gold pieces
 98644 | Bazaar   | Bought a potion of curing for 27 gold pieces
 98644 | Bazaar   | Bought a potion of curing for 27 gold pieces
 98644 | Bazaar   | Bought a potion of lignification for 27 gold pieces
 98644 | Bazaar   | Bought a potion of lignification for 27 gold pieces
 98644 | Bazaar   | Bought a potion of lignification for 27 gold pieces
 98644 | Bazaar   | Bought a potion of magic for 72 gold pieces
 98644 | Bazaar   | Bought a potion of might for 36 gold pieces
 98644 | Bazaar   | Bought a potion of haste for 90 gold pieces
 98657 | Bazaar   | Bought a manual of Stealth for 1766 gold pieces
 98909 | Depths:3 | Found a one-way gate leading to the halls of Pandemonium.
 99203 | Depths:3 | Was forgiven by Okawaru
 99485 | Zig:1    | Entered Level 1 of a ziggurat
 99510 | Zig:2    | Entered Level 2 of a ziggurat
 99533 | Zig:3    | Entered Level 3 of a ziggurat
 99643 | Zig:4    | Entered Level 4 of a ziggurat
 99754 | Zig:5    | Entered Level 5 of a ziggurat
 99762 | Zig:5    | Reached skill level 15 in Evocations
 99784 | Zig:5    | Got an ichor-stained trident
 99789 | Zig:5    | Identified the +1 trident "Kayrihota" {holy, *Corrode rElec MR++ Dex-5} (You found it on level 5 of a ziggurat)
 99844 | Zig:6    | Entered Level 6 of a ziggurat
100000 | Zig:6    | Identified Deeboz's Collected Works on Aid (You found it on level 6 of a ziggurat)
100008 | Zig:6    | Learned a level 5 spell: Metabolic Englaciation
100079 | Zig:7    | Entered Level 7 of a ziggurat
100255 | Zig:8    | Entered Level 8 of a ziggurat
100278 | Zig:8    | Reached XP level 26. HP: 238/268 MP: 37/45
100356 | Zig:9    | Entered Level 9 of a ziggurat
100537 | Zig:9    | Identified the Guide on Supportive Contamination (You found it on level 9 of a ziggurat)
100565 | Zig:9    | Got an iridescent short sword
100566 | Zig:9    | Identified the +7 short sword of Hefohov {pierce, Dex+3} (You found it on level 9 of a ziggurat)
100588 | Zig:10   | Entered Level 10 of a ziggurat
100607 | Zig:10   | Reached skill level 15 in Shields
100733 | Zig:10   | Got a warped bone ring
100737 | Zig:10   | Identified the ring of Tuor {rCorr rF+ MP+9 Int+3} (You found it on level 10 of a ziggurat)
100754 | Zig:10   | Got a shimmering shield
100758 | Zig:10   | Identified the +1 shield of Ru {Int+3} (You acquired it on level 10 of a ziggurat)
100799 | Zig:11   | Entered Level 11 of a ziggurat
100822 | Zig:11   | Received a gift from Okawaru
100948 | Zig:11   | Got an ancient lapis lazuli ring
100950 | Zig:11   | Identified the Tome of Venomous Augmentations
100952 | Zig:11   | Got a pitted bone ring
100964 | Zig:11   | Learned a level 2 spell: Cure Poison
100966 | Zig:11   | Identified the ring of Xosimisk {rCorr Str+3 Int+3 Dex+2} (You found it on level 11 of a ziggurat)
100968 | Zig:11   | Identified the ring of Anarchy {rPois rF- rN++ Stlth+} (You found it on level 11 of a ziggurat)
100984 | Zig:12   | Entered Level 12 of a ziggurat
101088 | Zig:12   | Gained mutation: You regenerate slowly when monsters are visible. [mutagenic glow]
101257 | Zig:13   | Entered Level 13 of a ziggurat
101268 | Zig:13   | Noticed Nughux the pandemonium lord
101280 | Zig:13   | Noticed Wilar the pandemonium lord
101281 | Zig:13   | Received a gift from Okawaru
101282 | Zig:13   | Killed Nughux the pandemonium lord
101289 | Zig:13   | Lost mutation: Scrolls take you longer to read. [evolution]
101301 | Zig:13   | Reached skill level 5 in Stealth
101339 | Zig:13   | Killed Wilar the pandemonium lord
101440 | Zig:13   | Gained mutation: You are agile. (Dex +2) [mutagenic meat]
101444 | Zig:13   | Lost mutation: Scrolls take you a little longer to read. [mutagenic meat]
101481 | Zig:13   | Got a steaming falchion
101482 | Zig:13   | Identified the +4 falchion of Dullness {venom, rC+ Stlth+} (You found it on level 13 of a ziggurat)
101498 | Zig:14   | Entered Level 14 of a ziggurat
101670 | Depths:3 | Lost mutation: You regenerate slowly when monsters are visible. [mutagenic glow]
102093 | Depths:4 | Noticed Margery
102105 | Depths:4 | Killed Margery
102256 | Depths:3 | Received a gift from Okawaru
102725 | Depths:4 | Was placed under penance by Okawaru
102833 | Depths:4 | Got a transparent granite ring
103210 | Depths:4 | Reached XP level 27. HP: 237/278 MP: 29/46
103211 | Depths:4 | Was forgiven by Okawaru
103325 | Depths:5 | Entered Level 5 of the Depths
103328 | Depths:5 | Noticed a juggernaut
103343 | Depths:5 | Killed a juggernaut
103713 | Depths:5 | Identified the ring "Qajudwe" {MR+ Int-2 Dex+2 Stlth+} (You took it off a deep elf annihilator on level 4 of the Depths)
103778 | Depths:5 | Found a gate to the Realm of Zot.
103984 | Depths:5 | Reached skill level 25 in Ice Magic
104339 | Depths:5 | Noticed a juggernaut
104346 | Depths:5 | Killed a juggernaut
104363 | Depths:5 | Gained mutation: You have a pair of small horns on your head. [mutagenic meat]
104364 | Depths:5 | Lost mutation: You are agile. (Dex +2) [mutagenic meat]
104613 | Depths:5 | Gained mutation: You regenerate slowly when monsters are visible. [mutagenic meat]
104616 | Depths:5 | Lost mutation: You expend magic power (3 MP) to strengthen your wands. [mutagenic meat]
104617 | Depths:5 | Lost mutation: Your spells are a little easier to cast, but a little less powerful. [mutagenic meat]
104618 | Depths:5 | Lost mutation: You have a beak for a mouth. [mutagenic meat]
104619 | Depths:5 | Gained mutation: You do not regenerate naturally when monsters are visible. [mutagenic meat]
104620 | Depths:5 | Lost mutation: You are robust (+10% HP). [mutagenic meat]
104621 | Depths:5 | Gained mutation: You occasionally shout uncontrollably at your foes. [mutagenic meat]
104622 | Depths:5 | Lost mutation: You can translocate small distances at will. [mutagenic meat]
104752 | Zot:1    | Entered Level 1 of the Realm of Zot
104915 | Zot:1    | Received a gift from Okawaru
105219 | Zot:1    | Reached skill level 15 in Dodging
105442 | Zot:1    | You fall through a shaft!
105492 | Zot:2    | HP: 11/254 [poison (poison gas)]
105494 | Zot:1    | HP: 2/254 [poison (poison gas)]
105495 | Zot:1    | Succumbed to poison (poison gas)

Skill      XL: |  1  2  3  4  5  6  7  8  9 10 11 12 13 14 15 16 17 18 19 20 21 22 23 24 25 26 27 |
---------------+----------------------------------------------------------------------------------+-----
Dodging        | 2 3 4 5 6 7 8 9 10 11 12 13 14 15 | 15.0
Fighting       | 1 2 3 4 5 6 7 8 9 11 12 13 14 15 16 17 18 19 20 21 22 | 22.1
Spellcasting   | 3 4 5 6 7 8 9 10 11 12 13 14 15 16 17 18 19 | 19.8
Ice Magic      | 4 6 7 8 10 11 12 13 14 15 16 17 18 19 20 21 22 23 24 25 | 25.2
Shields        | 2 3 4 5 6 7 8 9 10 11 12 13 14 15 | 15.6
Evocations     | 1 3 4 5 6 7 8 9 10 11 12 13 14 15 | 15.9
Charms         | 3 6 10 11 12 | 12.7
Polearms       | 2 4 5 7 9 10 11 | 11.4
Long Blades    | 3 5 7 9 |  9.8
Stealth        | 2 6 8 |  8.6
Conjurations   | 3 4 |  4.9

Action                   |  1- 3 |  4- 6 |  7- 9 | 10-12 | 13-15 | 16-18 | 19-21 | 22-24 | 25-27 || total
-------------------------+-------+-------+-------+-------+-------+-------+-------+-------+-------++-------
Melee: Unarmed           |    25 |       |       |       |       |       |       |       |       ||    25
       Dagger            |    75 |    14 |       |       |       |       |       |       |       ||    89
       Tailslap          |     8 |    15 |    41 |    58 |    97 |   116 |   128 |   190 |   184 ||   837
       Spear             |       |   160 |       |       |       |   613 |   294 |       |       ||  1067
       Short sword       |       |    43 |    44 |       |       |       |       |       |       ||    87
       Quarterstaff      |       |       |    21 |       |       |       |       |       |       ||    21
       Whip              |       |       |    50 |       |       |       |       |       |       ||    50
       Mace              |       |       |   166 |   515 |   702 |   159 |   327 |       |       ||  1869
       Great mace        |       |       |       |     1 |       |       |       |       |       ||     1
       Quick blade       |       |       |       |       |   112 |       |       |       |       ||   112
       Peck              |       |       |       |       |       |       |   159 |   254 |   232 ||   645
       Falchion          |       |       |       |       |       |       |   137 |   972 |       ||  1109
       Staff             |       |       |       |       |       |       |     7 |       |   289 ||   296
       Morningstar       |       |       |       |       |       |       |       |    31 |     5 ||    36
       Scimitar          |       |       |       |       |       |       |       |     3 |   524 ||   527
       Headbutt          |       |       |       |       |       |       |       |       |    19 ||    19
 Fire: Triple crossbow   |       |       |       |    73 |       |       |       |       |       ||    73
 Cast: Freeze            |    25 |    46 |    66 |    13 |    13 |    27 |    21 |     3 |     6 ||   220
       Summon Ice Beast  |       |       |    21 |   114 |    99 |    55 |    24 |    55 |    50 ||   418
       Throw Icicle      |       |       |    16 |   129 |   192 |   408 |   243 |   266 |   207 ||  1461
       Ozocubu's Armour  |       |       |     2 |     9 |    51 |    23 |    15 |    45 |    52 ||   197
       Blink             |       |       |       |     1 |    10 |    10 |    13 |    14 |    79 ||   127
       Ozocubu's Refrige |       |       |       |       |    94 |   127 |   213 |   356 |   274 ||  1064
       Haste             |       |       |       |       |     8 |    11 |     7 |    11 |    34 ||    71
       Simulacrum        |       |       |       |       |       |     2 |    41 |       |       ||    43
       Regeneration      |       |       |       |       |       |       |    37 |    91 |   109 ||   237
       Summon Butterflie |       |       |       |       |       |       |     6 |       |       ||     6
       Apportation       |       |       |       |       |       |       |       |     3 |       ||     3
       Cure Poison       |       |       |       |       |       |       |       |       |     1 ||     1
       Metabolic Englaci |       |       |       |       |       |       |       |       |     1 ||     1
 Abil: Evoke Flight      |       |       |       |     2 |       |     2 |       |       |       ||     4
       Breathe Frost     |       |       |       |       |       |     1 |       |       |     2 ||     3
       Evoke Invisibilit |       |       |       |       |       |     1 |       |       |       ||     1
Evoke: Wand              |       |       |       |    82 |    41 |    34 |    19 |    12 |    10 ||   198
       Phial of floods   |       |       |       |     2 |     4 |     9 |     9 |    11 |    12 ||    47
       Box of beasts     |       |       |       |       |     7 |     4 |       |       |     6 ||    17
       Fan of gales      |       |       |       |       |       |     8 |     4 |     4 |     7 ||    23
       Lamp of fire      |       |       |       |       |       |     7 |     7 |     9 |    11 ||    34
       Stone of tremors  |       |       |       |       |       |     2 |     2 |     2 |     3 ||     9
       Deck              |       |       |       |       |       |     3 |     1 |       |     6 ||    10
       Phantom mirror    |       |       |       |       |       |     1 |       |       |     2 ||     3
       Crystal ball of e |       |       |       |       |       |       |       |    18 |     3 ||    21
       Staff of Wucad Mu |       |       |       |       |       |       |       |       |   131 ||   131
       Sack of spiders   |       |       |       |       |       |       |       |       |    11 ||    11
  Use: Scroll            |       |    10 |     4 |    25 |    18 |    21 |    11 |    10 |    30 ||   129
       Potion            |       |     2 |     3 |     7 |     8 |    12 |     5 |    16 |    10 ||    63
 Stab: Sleeping          |     2 |     7 |     3 |     1 |     3 |     1 |     1 |     2 |     4 ||    24
       Distracted        |       |     1 |     1 |     2 |     2 |     1 |     2 |     4 |     6 ||    19
       Confused          |       |       |       |     9 |       |       |       |       |       ||     9
       Paralysed         |       |       |       |       |       |    14 |       |       |       ||    14
  Eat: Chunk             |     2 |     5 |    10 |    42 |    65 |    34 |    10 |    81 |    56 ||   305
       Beef jerky        |       |     1 |     1 |     1 |     1 |     4 |     5 |     2 |     5 ||    20
       Pizza             |       |     1 |     2 |       |       |       |     2 |       |       ||     5
       Meat ration       |       |       |     1 |       |       |     5 |     8 |     2 |     1 ||    17
       Bread ration      |       |       |     1 |       |       |     5 |     6 |     1 |     6 ||    19
       Fruit             |       |       |       |     3 |     7 |    11 |     6 |    13 |       ||    40
       Royal jelly       |       |       |       |     6 |     7 |     3 |     2 |     1 |     5 ||    24
Armor: Skin              |    45 |    68 |   118 |   265 |   422 |   290 |   321 |   529 |   442 ||  2500
Dodge: Dodged            |    69 |   145 |   236 |   547 |   686 |   406 |   609 |   881 |  1181 ||  4760
Block: Buckler           |       |       |    49 |   243 |   409 |   296 |   345 |   570 |   404 ||  2316
       Shield            |       |       |       |       |       |       |       |       |   308 ||   308
